 Dungeon Crawl Stone Soup version 0.17.1-3-g152610e (webtiles) character file.

71791 FloraKitsune the Bludgeoner (level 14, -2/133 HPs)
             Began as a Minotaur Chaos Knight on Mar 27, 2016.
             Killed from afar by a raiju (20 damage)
             ... with a living lightning
             ... on level 1 of the Abyss.
             The game lasted 01:12:34 (35764 turns).

FloraKitsune the Bludgeoner (MiCK)                 Turns: 35764, Time: 01:12:35

Health: -2/133     AC: 18    Str: 16      XL:     14   Next: 99%
Magic:  16/18      EV: 14    Int:  2 (11) God:    Xom [..*...]
Gold:   303        SH:  4    Dex:  7      Spells: 0 memorised, 13 levels left

rFire  + + .     SeeInvis +     y - +3 morningstar of Beogh's Envy {drain, rC+ Int+2 Stlth-}
rCold  + . .     Clarity  .     u - +1 ring mail of Cidwoc {+Fly rPois rF++ Dex-5}
rNeg   . . .     SustAt   .     i - +0 buckler
rPois  +         Gourm    .     C - +2 hat
rElec  .         Spirit   .     (no cloak)
rCorr  .         Warding  .     h - +1 pair of gloves
rMut   +         Rnd*Tele +     (no boots)
MR     +....                    J - amulet of resist mutation
Stlth  ..........               R - ring of teleportation
                                P - ring "Toeqa" {AC+4 SInv}

@: about to teleport, somewhat resistant to hostile enchantments, extremely
unstealthy
A: retaliatory headbutt, claws 1, horns 2, talons 1, molten scales 1, clumsy 1,
deterioration 1, mutation resistance 1, spit poison 2, weak 1, wild magic 1
a: Spit Poison, Renounce Religion, Evoke Flight, Evoke Teleportation


You were on level 1 of the Abyss.
You worshipped Xom.
You were a toy of Xom.
You were not hungry.

You visited 3 branches of the dungeon, and saw 21 of its levels.
You visited the Abyss 2 times.

You collected 1324 gold pieces.
You spent 1021 gold pieces at shops.

Inventory:

Hand Weapons
 b - the +8 great mace "Xaakekk" {freeze, *Drain +Rage Dex+4 SInv}
   (You found it on level 8 of the Lair of Beasts)

   It has been specially enchanted to freeze those struck by it, causing extra
   injury to most foes and up to half again as much damage against particularly
   susceptible opponents.
   It can also slow down cold-blooded creatures.
   It affects your dexterity (+4).
   It lets you see invisible.
   It lets you go berserk.
   It causes draining when unequipped.
 y - the +3 morningstar of Beogh's Envy (weapon) {drain, rC+ Int+2 Stlth-}
   (You found it on level 7 of the Lair of Beasts)

   A truly terrible weapon, it drains the life of those it strikes.
   It affects your intelligence (+2).
   It protects you from cold.
   It makes you less stealthy.
Armour
 h - a +1 pair of gloves (worn)
 i - a +0 buckler (worn)
 m - a +0 shield
 u - the +1 ring mail of Cidwoc (worn) {+Fly rPois rF++ Dex-5}
   (You bought it in a shop on level 6 of the Dungeon)

   It affects your dexterity (-5).
   It greatly protects you from fire.
   It protects you from poison.
   It lets you fly.
 C - a +2 hat (worn)
 L - a troll hide {Snorg}
Rods
 t - a +4 rod of destruction (10/10)
   (You found it on level 4 of the Lair of Beasts)
Jewellery
 a - an uncursed amulet of resist corrosion
 A - an uncursed ring of protection from fire
 J - an amulet of resist mutation (around neck)
 N - an uncursed ring of positive energy
 P - the ring "Toeqa" (left hand) {AC+4 SInv}
   (You acquired it on level 10 of the Dungeon)

   [ring of protection]

   It affects your AC (+4).
   It lets you see invisible.
 R - a ring of teleportation (right hand)
Wands
 v - a wand of polymorph (9)
 M - a wand of hasting (7)
 O - a wand of confusion (28)
 W - a wand of teleportation (5)
Scrolls
 d - 6 scrolls of magic mapping
 e - 4 scrolls of remove curse
 f - 8 scrolls of recharging
 n - 2 scrolls of enchant armour
 p - 2 scrolls of fear
 w - a scroll of summoning
 x - a scroll of enchant weapon
 G - 6 scrolls of identify
 H - 3 scrolls of amnesia
 I - 5 scrolls of teleportation
 K - 3 scrolls of fog
 T - a scroll of acquirement
 U - 4 scrolls of blinking
 V - a scroll of brand weapon
Potions
 j - 3 potions of flight
 k - 2 potions of haste
 l - a potion of agility
 r - a potion of brilliance
 B - a potion of magic
 D - 7 potions of heal wounds
 E - 2 potions of might
 F - a potion of cancellation
 Q - a potion of berserk rage
 S - 2 potions of curing
Books
 X - an Akashic Record

   Spells                             Type                      Level
   a - Dispersal                      Translocation                6
   b - Malign Gateway                 Summoning/Translocation      7
   c - Disjunction                    Translocation                8
   d - Controlled Blink               Translocation                8
Miscellaneous
 z - a lamp of fire
Comestibles
 c - 5 bread rations
 g - 11 meat rations
 o - 7 beef jerkies
 q - 10 fruits
 s - 12 royal jellies
 Y - a slice of pizza


   Skills:
 + Level 14.4 Fighting
 - Level 16.0 Maces & Flails
 + Level 14.4 Armour
 + Level 13.3 Dodging
 - Level 5.5 Shields
 + Level 7.5 Evocations


You had 13 spell levels left.
You didn't know any spells.

Dungeon Overview and Level Annotations

Branches:
Dungeon (12/15)            Temple (1/1) D:6            Lair (8/8) D:9
  Snake (0/4) Lair:4        Slime (0/6) Lair:8          Orc (0/4) D:11
  Swamp: Lair:3-6    Shoals: Lair:3-6

Altars:
Ashenzari
Cheibriados
Dithmenos
Elyvilon
Fedhas
Gozag
Kikubaaqudgha
Makhleb
Nemelex Xobeh
Okawaru
Qazlal
Ru
Sif Muna
Trog
Vehumet
Xom
Yredelemnul
Zin
The Shining One
Jiyva

Shops:
D:6 [   D:10 %!*:?

Portals:
Hell: Lair:8

Annotations:
Lair:4 1 exclusion


Innate Abilities, Weirdness & Mutations

You reflexively headbutt those who attack you in melee.
You have a pair of horns on your head.
You have sharp fingernails.
You have sharp toenails.
You are partially covered in molten scales (AC +1).
You are clumsy. (Dex -2)
Your body sometimes deteriorates upon taking damage.
You are somewhat resistant to further mutation.
You can spit poison.
You are weak. (Str -2)
Your spells are a little harder to cast, but a little more powerful.


Message History

Your quasit claws the raiju but does no damage. x2
The raiju bites your quasit!
Your quasit dies!
The raiju bursts into living lightning!
The living lightning hits the white imp.
The white imp dies!
The living lightning hits you!
* * * LOW HITPOINT WARNING * * *
The living lightning hits you!
* * * LOW HITPOINT WARNING * * *
The raiju blinks!
Unknown command.
Unknown command.
The raiju bursts into living lightning!
The living lightning hits the raiju.
The raiju completely resists.
The living lightning hits you!
* * * LOW HITPOINT WARNING * * *
The living lightning hits you!
You die...
Xom titters!

. .# .# #.
... ## #.##
.#.. #. ...#
.....#.#.#.
........#.##
#. #@#..##
.. ##..##.#
##.#..#hh#
#......###
#..#.#.##.#
.. #..ยง#.#
#>. .
#.#.#.###
##. .. #.###
...##...##.
##
.#....#....


You could see 2 raiju.

Vanquished Creatures
  Rupert (Lair:3)
  Gastronok (Lair:3)
  Snorg (Lair:3)
  Fannar (Lair:2)
  5 hydras
  Harold (Lair:2)
  Erolcha (D:10)
  13 death yaks
  A sun demon (Lair:8)
  Nergalle (Lair:2)
  An anaconda zombie (Abyss:1)
  A wizard (Lair:8)
  2 hill giants
  An ugly thing (D:11)
  3 griffons
  A sixfirhy (Lair:8)
  10 elephants
  5 black mambas
  3 orange demons (Lair:8)
  16 spiny frogs
  5 fire drakes
  5 komodo dragons
  A hellwing (Lair:8)
  2 kobold demonologists
  An efreet (Lair:8)
  A troll (D:11)
  2 blue devils (Lair:8)
  A spriggan druid (Lair:4)
  A red devil (Lair:8)
  4 polar bears
  A queen bee (shapeshifter) (D:12)
  Prince Ribbit (D:6)
  2 boulder beetles
  21 blink frogs
  41 yaks
  2 wraiths (D:10)
  2 ynoxinuls (Abyss:1)
  A spriggan (D:7)
  A chaos spawn (Abyss:1)
  3 fire bats (Abyss:1)
  2 wyverns
  2 hungry ghosts
  2 basilisks
  8 hippogriffs
  3 swamp worms (Lair:4)
  Edmund (D:5)
  3 nagas (Lair:4)
  A spatial vortex (Lair:1)
  35 wolves
  14 water moccasins
  Duvessa (D:6)
  3 orc warriors
  2 hell hounds (Lair:8)
  6 porcupines
  A black bear (Lair:6)
  2 starcursed masses (Abyss:1)
  An ice beast (D:10)
  3 necrophages
  3 sky beasts
  2 ogres
  17 crocodiles
  6 big kobolds
  Blork the orc (D:5)
  9 centaurs
  20 giant frogs
  A wyvern zombie (D:9)
  2 gnoll sergeants
  Dowan (D:6)
  A wyvern skeleton (D:10)
  2 scorpions
  3 wights (D:11)
  3 vampire bats (Lair:6)
  19 killer bees (Lair:6)
  6 crimson imps
  4 centaur zombies
  6 electric eels
  4 jellies
  5 orc priests
  A giant frog skeleton (D:11)
  6 hounds
  An iron imp (Abyss:1)
  10 orc wizards
  A centaur skeleton (D:8)
  2 hell rats (Lair:1)
  A quasit (Abyss:1)
  5 iguanas
  7 worker ants
  29 sheep
  A worker ant zombie (D:11)
  15 gnolls
  A hound skeleton (D:4)
  57 river rats
  7 adders
  3 shadow imps
  An ufetubus (Abyss:1)
  4 oozes
  2 adder zombies
  An adder skeleton (D:6)
  2 worms
  43 orcs
  4 giant cockroaches
  6 hobgoblins
  4 jackals
  2 quokkas
  A ball python skeleton (D:4)
  13 bats
  7 giant geckos
  A giant gecko zombie (D:6)
  7 giant newts
  6 goblins
  21 kobolds
  13 rats
  A butterfly (Lair:6)
  2 plants
660 creatures vanquished.

Vanquished Creatures (collateral kills)
  2 death yaks (Lair:6)
  A lindwurm (Lair:6)
  A spiny frog (Lair:1)
  An elephant (Lair:7)
  A red devil (Lair:8)
  A queen bee (Lair:6)
  A blink frog (Lair:5)
  4 yaks
  5 wolves
  A sky beast (D:7)
  A crocodile (Lair:3)
  A giant frog (Lair:6)
  4 killer bees (Lair:6)
  A river rat (Lair:1)
25 creatures vanquished.

Vanquished Creatures (others)
  A death yak (Lair:6)
  A ball lightning (Lair:6)
  A torpor snail (Lair:7)
  A killer bee (Lair:6)
  A blink frog (Lair:7)
  2 yaks
  A white imp (Abyss:1)
  An orc (D:6)
  7 bushes (Lair:8)
  49 fungi
  20 plants
  3 starspawn tentacles (Abyss:1)
  27 starspawn tentacle segments (Abyss:1)
115 creatures vanquished.

Grand Total: 800 creatures vanquished

Notes
Turn   | Place    | Note
--------------------------------------------------------------
     0 | D:1      | FloraKitsune the Minotaur Chaos Knight began the quest for the Orb.
     0 | D:1      | Reached XP level 1. HP: 19/19 MP: 0/0
    22 | D:1      | Reached skill level 4 in Maces & Flails
    61 | D:1      | XOM: harmless Conj miscast
    80 | D:1      | Reached XP level 2. HP: 26/26 MP: 1/1
   408 | D:1      | XOM: harmless Divn miscast
   621 | D:1      | XOM: harmless Hex miscast
   676 | D:2      | Reached skill level 5 in Maces & Flails
   676 | D:2      | Reached XP level 3. HP: 31/31 MP: 2/2
   747 | D:2      | Gained mutation: Your spells are a little harder to cast, but a little more powerful. [potion of mutation]
   747 | D:2      | Gained mutation: You possess an exceptional clarity of mind. [potion of mutation]
   747 | D:2      | Gained mutation: You are dopey. (Int -2) [potion of mutation]
   747 | D:2      | XOM: butterfly on damage
  1470 | D:2      | XOM: silly message
  1663 | D:2      | Reached XP level 4. HP: 25/39 MP: 3/3
  1746 | D:2      | XOM: stat loss: -1 Dex (9/10)
  1765 | D:2      | Reached skill level 6 in Maces & Flails
  2143 | D:3      | XOM: vitrification
  2320 | D:3      | XOM: 3-stop teleportation journey
  2599 | D:3      | XOM: medium Erth miscast
  2702 | D:4      | Reached skill level 7 in Maces & Flails
  2702 | D:4      | Reached XP level 5. HP: 40/45 MP: 4/4
  2711 | D:4      | XOM: mild Ice miscast
  2767 | D:4      | XOM: harmless Necr miscast
  2773 | D:4      | Reached skill level 8 in Maces & Flails
  2774 | D:4      | Reached XP level 6. HP: 49/51 MP: 5/5
  2776 | D:4      | XOM: harmless Erth miscast
  2943 | D:4      | Noticed a centaur
  2945 | D:4      | XOM: silly message
  2949 | D:4      | Killed a centaur
  3162 | D:5      | Entered Level 5 of the Dungeon
  3193 | D:5      | Reached skill level 9 in Maces & Flails
  3199 | D:5      | Noticed Edmund
  3204 | D:5      | XOM: harmless Divn miscast
  3287 | D:6      | XOM: harmless Air miscast
  3328 | D:6      | Found Ykedd's Antique Armour Boutique.
  3331 | D:6      | Bought a runed hat for 84 gold pieces
  3459 | D:6      | Found an ancient bone altar of Kikubaaqudgha.
  3459 | D:6      | Noticed Prince Ribbit
  3459 | D:6      | XOM: enchant monster (bad)
  3473 | D:6      | XOM: fake destruction
  3476 | D:6      | XOM: divine lightning (protected)
  3484 | D:6      | Killed Prince Ribbit
  3484 | D:6      | Reached skill level 10 in Maces & Flails
  3484 | D:6      | Reached XP level 7. HP: 21/57 MP: 6/6
  3743 | D:6      | Found a staircase to the Ecumenical Temple.
  3748 | Temple   | Entered the Ecumenical Temple
  3890 | D:6      | XOM: cast spell 'Spider Form'
  3960 | D:6      | Noticed Duvessa
  3961 | D:6      | Noticed Dowan
  3970 | D:6      | XOM: smoke on damage
  3971 | D:6      | Killed Duvessa
  3983 | D:6      | XOM: 5-stop teleportation journey
  4090 | D:6      | XOM: divination: magic mapping
  4251 | D:6      | Killed Dowan
  4295 | D:6      | Reached XP level 8. HP: 54/67 MP: 7/7
  4453 | D:6      | XOM: noise
  4561 | D:6      | XOM: cast spell 'Death Channel'
  4564 | D:6      | Reached skill level 5 in Fighting
  4812 | D:5      | Killed Edmund
  5056 | D:5      | XOM: god gift: bubbling green potion
  5128 | D:5      | XOM: 3-stop teleportation journey
  5347 | D:5      | Noticed Blork the orc
  5353 | D:5      | Killed Blork the orc
  5353 | D:5      | Reached skill level 11 in Maces & Flails
  5353 | D:5      | Reached skill level 5 in Armour
  5891 | D:5      | XOM: vitrification
  5915 | D:6      | XOM: god gift: 4 meat rations
  5948 | D:7      | XOM: swap monsters
  6033 | D:7      | XOM: 8-stop teleportation journey
  6590 | D:7      | XOM: summons 6 friendly demons
  6596 | D:7      | Reached XP level 9. HP: 75/77 MP: 8/8
  6611 | D:7      | Found a shadowy altar of Dithmenos.
  6853 | D:8      | XOM: scenery: 1 doors open, 1 doors close
  6947 | D:8      | Noticed a hill giant
  6979 | D:8      | Killed a hill giant
  6979 | D:8      | Reached skill level 5 in Dodging
  7082 | D:8      | XOM: noise
  7714 | D:8      | XOM: harmless Erth miscast
  7859 | D:8      | XOM: noise
  7871 | D:8      | XOM: divination: magic mapping
  7881 | D:8      | XOM: cast spell 'Dispersal'
  7883 | D:8      | Reached skill level 12 in Maces & Flails
  7954 | D:8      | XOM: 1-stop teleportation journey
  7955 | D:8      | XOM: mild Divn miscast
  8070 | D:8      | XOM: scenery: 1 doors open
  8144 | D:8      | XOM: harmless Tloc miscast
  8478 | D:9      | Reached XP level 10. HP: 88/88 MP: 9/9
  8526 | D:9      | XOM: 1-stop teleportation journey
  8557 | D:9      | XOM: potion effect (invisibility)
  8633 | D:9      | Found a staircase to the Lair.
  8677 | D:9      | XOM: destruction
  8977 | D:9      | XOM is BORED!
  8977 | D:9      | XOM: noise
  9028 | D:9      | XOM: harmless Divn miscast
  9046 | D:9      | XOM: silly message
  9174 | D:6      | XOM: silly message
  9223 | D:6      | Bought a buckler for 94 gold pieces
  9223 | D:6      | Bought a faintly humming ring mail for 189 gold pieces
  9233 | D:6      | Identified the +1 ring mail of Cidwoc {+Fly rPois rF++ Dex-5} (You bought it in a shop on level 6 of the Dungeon)
  9409 | Lair:1   | Entered Level 1 of the Lair of Beasts
  9521 | Lair:1   | XOM: 5-stop teleportation journey
  9527 | Lair:1   | Reached skill level 1 in Shields
  9632 | Lair:1   | XOM: noise
  9691 | Lair:1   | XOM: summons 3 friendly demons
  9838 | Lair:1   | XOM: fog
  9854 | Lair:1   | XOM is BORED!
  9854 | Lair:1   | XOM: mild Tloc miscast
  9868 | Lair:1   | XOM: mild Ice miscast
 10217 | Lair:2   | XOM: noise
 10226 | Lair:2   | XOM: enchant monster (bad)
 10228 | Lair:2   | Noticed Fannar
 10328 | Lair:1   | XOM: mild Hex miscast
 10745 | Lair:1   | XOM: confuse monster(s)
 10762 | Lair:1   | XOM: fog
 10770 | Lair:1   | XOM: summons 10 friendly demons
 10920 | Lair:1   | XOM: enchant monster (good)
 10923 | Lair:1   | XOM: enchant monster (bad)
 10932 | Lair:1   | Reached skill level 5 in Shields
 11131 | Lair:2   | XOM: noise
 11135 | Lair:2   | Reached XP level 11. HP: 59/97 MP: 10/10
 11140 | Lair:2   | Reached skill level 13 in Maces & Flails
 11521 | Lair:2   | Noticed Nergalle
 11608 | Lair:2   | Killed Nergalle
 11702 | Lair:2   | XOM: harmless Summ miscast
 11763 | Lair:2   | XOM: 1-stop teleportation journey
 11839 | Lair:2   | XOM: summons 3 friendly demons
 11843 | Lair:2   | XOM: noise
 11867 | Lair:2   | XOM: fog
 11869 | Lair:2   | Killed Fannar
 11923 | Lair:2   | XOM: harmless Fire miscast
 12344 | Lair:3   | Noticed Gastronok
 12433 | Lair:3   | XOM: give mutations
 12433 | Lair:3   | Gained mutation: You are weak. (Str -2) [Xom's mischief]
 12433 | Lair:3   | Gained mutation: You are clumsy. (Dex -2) [Xom's mischief]
 12528 | Lair:3   | XOM: divination: detect items
 12546 | Lair:3   | Noticed Snorg
 12565 | Lair:3   | Killed Snorg
 12565 | Lair:3   | Reached skill level 10 in Fighting
 12829 | Lair:3   | Noticed Harold
 12847 | Lair:3   | Noticed Rupert
 12852 | Lair:3   | Noticed a four-headed hydra
 12853 | Lair:3   | Paralysed by Rupert for 4 turns
 12856 | Lair:3   | XOM: fake destruction
 12862 | Lair:3   | HP: 4/99 [Gastronok/the air (14)]
 12870 | Lair:3   | HP: 4/99 [Rupert/battleaxe of venom (26)]
 12878 | Lair:3   | XOM: divination: detect creatures
 12880 | Lair:3   | XOM: harmless Ice miscast
 13243 | Lair:4   | XOM: 1-stop teleportation journey
 13275 | Lair:4   | XOM: harmless Conj miscast
 13287 | Lair:4   | Reached skill level 10 in Armour
 13534 | Lair:4   | XOM: medium Trmt miscast
 13627 | Lair:4   | XOM: enchant monster (good)
 13870 | Lair:4   | XOM: give mutation
 13870 | Lair:4   | Gained mutation: You occasionally shout uncontrollably at your foes. [Xom's mischief]
 14155 | Lair:4   | XOM: medium Necr miscast
 14192 | Lair:4   | XOM: 8-stop teleportation journey
 14284 | Lair:4   | XOM: give mutation
 14284 | Lair:4   | Gained mutation: Your magical capacity is low (-10% MP). [Xom's mischief]
 14538 | Lair:4   | Identified a +4 rod of destruction (10/10) (You found it on level 4 of the Lair of Beasts)
 14557 | Lair:4   | XOM: summons friendly iron imp
 14560 | Lair:4   | XOM: divination: detect items
 14561 | Lair:4   | XOM: confuse monster(s)
 14630 | Lair:4   | Reached skill level 14 in Maces & Flails
 14638 | Lair:4   | Found a staircase to the Snake Pit.
 14866 | Lair:4   | XOM: noise
 14885 | Lair:4   | XOM: noise
 14886 | Lair:4   | XOM: summons 5 friendly demons
 14906 | Lair:4   | Reached XP level 12. HP: 57/108 MP: 9/9
 15302 | Lair:4   | XOM: give mutations
 15302 | Lair:4   | Lost mutation: You occasionally shout uncontrollably at your foes. [Xom's mischief]
 15302 | Lair:4   | Gained mutation: Your body sometimes deteriorates upon taking damage. [Xom's mischief]
 15302 | Lair:4   | Gained mutation: Scrolls take you a little longer to read. [Xom's mischief]
 15302 | Lair:4   | Gained mutation: You are very clumsy. (Dex -4) [Xom's mischief]
 15305 | Lair:4   | XOM: noise
 15429 | Lair:4   | XOM: divination: detect creatures
 15499 | Lair:4   | XOM: cast spell 'Ice Form'
 15605 | Lair:4   | XOM: cast spell 'Statue Form'
 15853 | Lair:4   | XOM: silly message
 16037 | Lair:5   | XOM: noise
 16259 | Lair:5   | Identified the Catalogue of the Lonely Wonders
 16618 | Lair:5   | XOM: vitrification
 16651 | Lair:5   | Reached skill level 10 in Dodging
 16977 | Lair:5   | XOM: god gift: scroll labeled UQAGAO PESAETT
 16980 | Lair:5   | XOM: silly message
 16997 | Lair:5   | XOM: colour smoke trail
 17051 | Lair:5   | XOM: smoke on damage
 17052 | Lair:5   | XOM: harmless Ice miscast
 17444 | Lair:6   | XOM: confuse monster(s)
 17575 | Lair:5   | XOM: divination: detect creatures
 17855 | Lair:5   | XOM: medium Hex miscast
 17860 | Lair:5   | XOM: confuse monster(s)
 17868 | Lair:5   | XOM: summons friendly white imp
 18392 | Lair:5   | XOM: god gift: 58 gold pieces
 18599 | Lair:6   | XOM: potion effect (might)
 18726 | Lair:6   | XOM: 1-stop teleportation journey
 18753 | Lair:6   | XOM: fake destruction
 18846 | Lair:6   | Reached skill level 1 in Evocations
 19035 | Lair:6   | XOM: 1-stop teleportation journey
 19181 | Lair:6   | XOM: cast spell 'Monstrous Menagerie'
 19225 | Lair:6   | XOM: mild Chrm miscast
 19745 | Lair:6   | XOM: confuse monster(s)
 19781 | Lair:6   | XOM: fake destruction
 19790 | Lair:6   | XOM: potion effect (might)
 19934 | Lair:6   | XOM: divination: detect creatures
 20031 | Lair:6   | XOM: summons 3 hostile demons
 20235 | Lair:6   | XOM: noise
 20238 | Lair:6   | XOM: enchant monster (good)
 20260 | Lair:6   | XOM: fog
 20261 | Lair:6   | XOM: confuse monster(s)
 20286 | Lair:6   | Reached XP level 13. HP: 62/118 MP: 11/12
 20350 | Lair:6   | XOM: summons 2 hostile demons
 20505 | Lair:6   | XOM: stat loss: -1 Int (6/7)
 20669 | Lair:6   | XOM: harmless Pois miscast
 20894 | Lair:6   | XOM: divine lightning
 20899 | Lair:6   | XOM: cast spell 'Chain of Chaos'
 20905 | Lair:6   | XOM: give mutations
 20905 | Lair:6   | Gained mutation: You can spit weak poison. [Xom's grace]
 20905 | Lair:6   | Gained mutation: You are somewhat resistant to further mutation. [Xom's grace]
 20910 | Lair:6   | XOM: confuse monster(s)
 20926 | Lair:6   | XOM: summons 3 friendly demons
 20928 | Lair:6   | XOM: enchant monster (good)
 21008 | Lair:6   | XOM: fog
 21018 | Lair:6   | XOM: divine lightning (protected)
 21054 | Lair:6   | XOM: summons 4 friendly demons
 21058 | Lair:6   | XOM: polymorph ufetubus -> iron imp
 21527 | Lair:6   | XOM: vitrification
 21567 | Lair:6   | XOM: summons 13 friendly demons
 21615 | Lair:7   | XOM: summons friendly shadow imp
 21879 | Lair:7   | XOM: swap monsters
 21884 | Lair:6   | XOM: enchant monster (bad)
 21886 | Lair:6   | XOM: cast spell 'Conjure Ball Lightning'
 22018 | Lair:6   | XOM: give mutation
 22018 | Lair:6   | Gained mutation: You have sharp fingernails. [Xom's mischief]
 22381 | Lair:7   | XOM: torment (57/119 hp)
 22629 | Lair:7   | XOM: medium Divn miscast
 22650 | Lair:7   | XOM: confuse monster(s)
 22735 | Lair:7   | XOM: fake destruction
 22764 | Lair:7   | XOM: enchant monster (good)
 22777 | Lair:7   | XOM: enchant monster (bad)
 22791 | Lair:7   | Reached skill level 5 in Evocations
 23411 | Lair:7   | XOM: 1-stop teleportation journey
 23694 | Lair:7   | XOM: cast spell 'Summon Small Mammal'
 23765 | Lair:7   | XOM: blink monster(s)
 23921 | Lair:7   | XOM: enchant monster (good)
 23959 | Lair:7   | XOM: cast spell 'Confusing Touch'
 23961 | Lair:7   | XOM: summons friendly quasit
 24305 | Lair:7   | XOM: confuse monster(s)
 24318 | Lair:7   | XOM: mild Pois miscast
 24319 | Lair:7   | XOM: harmless Trmt miscast
 24560 | Lair:7   | XOM: mild Air miscast
 25074 | Lair:7   | XOM: mild Fire miscast
 25083 | Lair:7   | XOM: enchant monster (bad)
 25263 | Lair:7   | XOM: give mutation
 25263 | Lair:7   | Lost mutation: You are very clumsy. (Dex -4) [Xom's mischief]
 25284 | Lair:7   | XOM is BORED!
 25284 | Lair:7   | XOM: summons 2 hostile demons
 25409 | Lair:8   | Entered Level 8 of the Lair of Beasts
 25409 | Lair:8   | XOM: swap monsters
 25411 | Lair:8   | XOM: 2-stop teleportation journey
 25463 | Lair:7   | XOM: divine lightning
 25466 | Lair:7   | XOM: god gift: 23 stones
 25473 | Lair:7   | XOM: confuse monster(s)
 25788 | Lair:6   | XOM: cast spell 'Discord'
 25790 | Lair:6   | XOM: summons 6 hostile demons
 25923 | Lair:6   | XOM: polymorph catoblepas -> iron troll
 25934 | Lair:6   | XOM: blink monster(s)
 25949 | Lair:6   | Noticed a quicksilver dragon
 25949 | Lair:6   | an iron troll changed into a quicksilver dragon
 25949 | Lair:6   | XOM: polymorph iron troll -> quicksilver dragon
 25956 | Lair:6   | Noticed a storm dragon
 25956 | Lair:6   | a quicksilver dragon changed into a storm dragon
 25956 | Lair:6   | XOM: polymorph quicksilver dragon -> storm dragon
 26044 | Lair:6   | XOM: severe Divn miscast
 26362 | Lair:7   | XOM: silly message
 26554 | Lair:7   | XOM: colour smoke trail
 26558 | Lair:7   | Got a bloodstained morningstar
 26559 | Lair:7   | Identified the +3 morningstar of Beogh's Envy {drain, rC+ Int+2 Stlth-} (You found it on level 7 of the Lair of Beasts)
 26584 | Lair:7   | XOM: mild Hex miscast
 26586 | Lair:7   | XOM: blink monster(s)
 26591 | Lair:7   | XOM: medium Trmt miscast
 26596 | Lair:7   | XOM: silly message
 26750 | Lair:8   | XOM: summons friendly quasit
 26800 | Lair:8   | XOM: confuse monster(s)
 26842 | Lair:8   | XOM: silly message
 26895 | Lair:8   | XOM: harmless Trmt miscast
 26930 | Lair:8   | XOM: harmless Trmt miscast
 27190 | Lair:8   | XOM: divination: magic mapping
 27363 | Lair:8   | XOM: potion effect (might)
 27382 | Lair:8   | XOM: cast spell 'Dispersal'
 27387 | Lair:8   | Reached XP level 14. HP: 49/129 MP: 15/15
 27621 | Lair:8   | XOM: harmless Hex miscast
 27634 | Lair:8   | Found a viscous altar of Jiyva.
 27634 | Lair:8   | Found a staircase to the Slime Pits.
 27694 | Lair:8   | XOM: mild Air miscast
 27717 | Lair:8   | XOM: noise
 27932 | Lair:8   | XOM: cast spell 'Dispersal'
 27934 | Lair:8   | XOM: harmless Chrm miscast
 27936 | Lair:8   | XOM: smoke on damage
 27955 | Lair:8   | Reached skill level 15 in Maces & Flails
 27975 | Lair:8   | XOM: potion effect (haste)
 27976 | Lair:8   | HP: 5/129 [death yak (9)]
 27977 | Lair:8   | XOM: fake destruction
 28070 | Lair:7   | XOM: god gift: scroll of fog
 28421 | Lair:8   | XOM: blink monster(s)
 28428 | Lair:8   | XOM: smoke on damage
 28530 | Lair:7   | XOM is BORED!
 28530 | Lair:7   | XOM: mild Divn miscast
 28663 | Lair:7   | XOM: mild Ice miscast
 28790 | Lair:8   | XOM: mild Erth miscast
 28865 | Lair:8   | XOM: harmless Ice miscast
 28868 | Lair:8   | XOM: potion effect (agility)
 28912 | Lair:8   | XOM: silly message
 28917 | Lair:8   | XOM: harmless Erth miscast
 28932 | Lair:8   | XOM: noise
 29196 | Lair:8   | XOM: silly message
 29264 | Lair:8   | Found a burning altar of Makhleb.
 29306 | Lair:8   | Paralysed by something for 6 turns
 29980 | Lair:8   | XOM: potion effect (heal wounds)
 29985 | Lair:8   | XOM: polymorph orange demon -> efreet
 30010 | Lair:8   | Found a gateway to Hell.
 30018 | Lair:8   | Got a twisted great mace
 30101 | Lair:8   | XOM: destruction
 30126 | Lair:8   | XOM: enchant monster (good)
 30384 | Lair:8   | XOM: give mutations
 30384 | Lair:8   | Lost mutation: You are dopey. (Int -2) [Xom's grace]
 30384 | Lair:8   | Gained mutation: You can spit poison. [Xom's grace]
 30384 | Lair:8   | Gained mutation: You are partially covered in molten scales (AC +1). [Xom's grace]
 30384 | Lair:8   | Gained mutation: You have sharp toenails. [Xom's grace]
 30391 | Lair:8   | XOM: summons 2 friendly demons
 30621 | Lair:8   | XOM: colour smoke trail
 30799 | Lair:6   | XOM: butterfly on damage
 31112 | Lair:3   | XOM: divination: detect creatures
 31130 | Lair:2   | Killed Harold
 31218 | Lair:3   | Paralysed by Rupert for 6 turns
 31219 | Lair:3   | XOM: confuse monster(s)
 31231 | Lair:3   | Killed a four-headed hydra
 31235 | Lair:3   | XOM: cast spell 'Olgreb's Toxic Radiance'
 31246 | Lair:3   | XOM: silly message
 31250 | Lair:3   | XOM: summons friendly shadow imp
 31254 | Lair:3   | Killed Rupert
 31316 | Lair:3   | XOM: enchant monster (good)
 31605 | Lair:3   | XOM: potion effect (invisibility)
 31609 | Lair:3   | XOM: divination: detect creatures
 31620 | Lair:3   | Killed Gastronok
 31620 | Lair:3   | Reached skill level 16 in Maces & Flails
 32052 | D:10     | Entered Level 10 of the Dungeon
 32122 | D:10     | Found Kulale's Magic Scroll Boutique.
 32134 | D:10     | Bought a scroll of blinking for 82 gold pieces
 32134 | D:10     | Bought a scroll of blinking for 82 gold pieces
 32134 | D:10     | Bought 3 scrolls of identify for 66 gold pieces
 32134 | D:10     | Bought a scroll of enchant armour for 82 gold pieces
 32136 | D:10     | Identified the +8 great mace "Xaakekk" {freeze, *Drain +Rage Dex+4 SInv} (You found it on level 8 of the Lair of Beasts)
 32136 | D:10     | Bought 3 scrolls of identify for 66 gold pieces
 32138 | D:10     | Identified 3 scrolls of acquirement
 32143 | D:10     | Got a brightly glowing glass ring
 32149 | D:10     | Identified the ring "Toeqa" {AC+4 SInv} (You acquired it on level 10 of the Dungeon)
 32247 | D:10     | Found Xelaest's Book Shoppe.
 32499 | D:10     | Found Rucobb's Distillery.
 32507 | D:10     | Bought a potion of heal wounds for 60 gold pieces
 32507 | D:10     | Bought a potion of heal wounds for 60 gold pieces
 32507 | D:10     | Bought a potion of curing for 36 gold pieces
 32507 | D:10     | Bought a potion of heal wounds for 60 gold pieces
 32507 | D:10     | Bought a potion of heal wounds for 60 gold pieces
 32557 | D:10     | Found a glowing golden altar of the Shining One.
 32649 | D:10     | XOM is BORED!
 32649 | D:10     | XOM: noise
 32666 | D:10     | Found Soarokka's Food Shoppe.
 32725 | D:10     | XOM: scenery: 1 doors close
 32739 | D:10     | Noticed Erolcha
 32742 | D:10     | Cast into the Abyss (Erolcha)
 32831 | Abyss:1  | XOM: mild Trmt miscast
 32855 | Abyss:1  | XOM: enchant monster (bad)
 32919 | D:10     | Escaped the Abyss
 32927 | D:10     | Killed Erolcha
 32947 | D:10     | XOM: give mutations
 32947 | D:10     | Lost mutation: You possess an exceptional clarity of mind. [Xom's mischief]
 32947 | D:10     | Lost mutation: Your magical capacity is low (-10% MP). [Xom's mischief]
 32947 | D:10     | Lost mutation: Scrolls take you a little longer to read. [Xom's mischief]
 33428 | D:10     | Found Mutwon's General Store.
 33719 | D:11     | XOM: medium Tloc miscast
 34074 | D:11     | Found a staircase to the Orcish Mines.
 34096 | D:11     | XOM: enchant monster (bad)
 34382 | D:11     | XOM: colour smoke trail
 34399 | D:12     | XOM: summons 2 friendly demons
 34639 | D:12     | XOM: harmless Hex miscast
 34641 | D:12     | XOM: polymorph yak -> queen bee
 34644 | D:12     | XOM: potion effect (might)
 34887 | D:11     | Cast into the Abyss (orc warrior)
 34990 | Abyss:1  | XOM: harmless Fire miscast
 35157 | Abyss:1  | XOM: noise
 35309 | Abyss:1  | XOM: polymorph apocalypse crab -> efreet
 35341 | Abyss:1  | XOM: fog
 35348 | Abyss:1  | XOM: summons 14 friendly demons
 35485 | Abyss:1  | Noticed a lich
 35488 | Abyss:1  | Noticed a tentacled starspawn
 35533 | Abyss:1  | XOM: fake destruction
 35600 | Abyss:1  | Noticed an ancient lich
 35694 | Abyss:1  | XOM: harmless Hex miscast
 35753 | Abyss:1  | XOM: summons friendly quasit
 35764 | Abyss:1  | Killed from afar by a raiju

Action                   |  1- 3 |  4- 6 |  7- 9 | 10-12 | 13-15 || total
-------------------------+-------+-------+-------+-------+-------++-------
Melee: Mace              |    69 |    18 |       |       |       ||    87
       Whip              |       |    89 |   301 |  1049 |   361 ||  1800
       Unarmed           |       |       |     5 |       |       ||     5
       Flail             |       |       |     5 |   145 |   116 ||   266
       Morningstar       |       |       |       |       |   710 ||   710
 Abil: Stop Flying       |       |       |       |     1 |     1 ||     2
       Evoke Flight      |       |       |       |     1 |     1 ||     2
       Spit Poison       |       |       |       |       |     2 ||     2
       Evoke Teleportati |       |       |       |       |    10 ||    10
Evoke: Wand              |       |       |    17 |     6 |     2 ||    25
       Rod               |       |       |       |    13 |    45 ||    58
       Lamp of fire      |       |       |       |     2 |     3 ||     5
  Use: Potion            |     1 |     4 |     1 |     8 |     6 ||    20
       Scroll            |       |     1 |     8 |    15 |    20 ||    44
 Stab: Distracted        |       |       |       |     2 |       ||     2
       Confused          |       |       |       |     1 |     2 ||     3
       Petrifying        |       |       |       |       |     2 ||     2
  Eat: Chunk             |     2 |     5 |    16 |    29 |    35 ||    87
       Pizza             |       |       |     1 |       |     1 ||     2
       Fruit             |       |       |     1 |       |       ||     1
       Bread ration      |       |       |       |     3 |     5 ||     8
       Royal jelly       |       |       |       |       |     1 ||     1
       Beef jerky        |       |       |       |       |     1 ||     1
